 Dungeon Crawl Stone Soup version 0.18.1-50-g88ac8fd (webtiles) character file.

62 go0n the Cudgeler (level 3, 0/55 HPs)
             Began as a Troll Berserker on Sept 21, 2016.
             Was a Believer of Trog.
             Killed from afar by Sigmund (9 damage)
             ... with a magic dart
             ... on level 3 of the Dungeon.
             The game lasted 00:05:42 (1685 turns).

go0n the Cudgeler (Troll Berserker)                 Turns: 1685, Time: 00:05:43

Health: 0/55       AC:  5    Str: 31    XL:     3   Next: 85%
Magic:  2/2        EV: 21    Int:  3    God:    Trog [**....]
Gold:   151        SH:  0    Dex: 11    Spells: 0 memorised, 2 levels left

rFire  . . .     SeeInvis .     a - +1 mace
rCold  . . .     Gourm    +     b - +0 animal skin
rNeg   . . .     Faith    .     (no shield)
rPois  .         Spirit   .     (helmet restricted)
rElec  .         Dismiss  .     (no cloak)
rCorr  .         Reflect  .     (gloves unavailable)
SustAt .         Harm     .     (boots unavailable)
MR     ++...                    (no amulet)
Stlth  ..........               m - +6 ring of evasion
                                d - -3 ring of dexterity (curse)

@: agile, berserking, lethally poisoned (0 -> 0), very slightly contaminated,
regenerating, hasted, very quick, very resistant to hostile enchantments,
extremely unstealthy
A: unfitting armour, claws 3, fast metabolism 3, gourmand, regeneration 2,
shaggy fur 1, tough skin 2
a: Berserk, Trog's Hand, Burn Spellbooks, Renounce Religion


You were on level 3 of the Dungeon.
You worshipped Trog.
Trog was pleased with you.
You were not hungry.

You visited 1 branch of the dungeon, and saw 3 of its levels.

You collected 151 gold pieces.

Inventory:

Hand Weapons
 a - a +1 mace (weapon)
 k - a +0 mace
Armour
 b - a +0 animal skin (worn)
Jewellery
 d - a cursed -3 ring of dexterity (left claw)
 m - a +6 ring of evasion (right claw)
Scrolls
 e - a scroll of amnesia {unknown}
 f - 3 scrolls of fog
 j - 2 scrolls of identify
Potions
 g - a potion of flight
Comestibles
 n - a meat ration


   Skills:
 + Level 3.1 Fighting
 + Level 3.3 Maces & Flails
 - Level 2.9 Dodging
 - Level 0.1 Stealth


You had 2 spell levels left.
You didn't know any spells.

Dungeon Overview and Level Annotations

Branches:
Dungeon (3/15)

Altars:
Ashenzari

Annotations:
D:3 Sigmund


Innate Abilities, Weirdness & Mutations

You are too large for most types of armour.
You have claws for hands.
Your metabolism is lightning-fast.
You like to eat raw meat.
You heal very quickly.
You are covered in fur (AC +1).
You have very tough skin (AC +2).


Message History

You hit something.
You feel sick.
Your skin crawls.
You feel resistant to hostile enchantments.
You feel slightly more hungry.
You feel sick. Something hits you!
* * * LOW HITPOINT WARNING * * *
You are more poisoned.
A red film seems to cover your vision as you go berserk!
You feel yourself moving faster!
You feel mighty!
You feel somewhat more hungry.
You feel sick.
You miss something.
You feel sick. Something barely misses you.
You closely miss something.
You feel sick.
You miss something.
You feel sick. Something misses you.
You closely miss something.
You feel sick.
You closely miss something.
You feel sick. Something closely misses you.
You miss something.
You feel sick.
You closely miss something.
You feel sick.
You hear some strange, mumbled words.
A magic dart appears from out of thin air!
The magic dart hits you!
You die...

#..#.#*.# *,,,***,*
#..#.#*.# *,**,*,**
#....#*.# *,***,,*
#.##.#*.# *,****,*
#.##.#*.# *,,,,,,*
#.##.##.###.##****
#.##..........,*
#...........#*,*
####@##.#####*,******
#{#*...,,,,,,,,,,,
#g#*####***,,*****
#r# ***,,** #.#
*,,,,,* #.#
**,,,,,**** *#.#*
*,,,,,,,,,* **...**
*,,,,,,,,,,
*,...,****,,,,,,**,*


You could see a hobgoblin and a rat.

Vanquished Creatures
  An adder (D:2)
  An ooze (D:2)
  2 worms (D:2)
  5 dart slugs
  A giant cockroach (D:1)
  4 goblins (D:1)
  3 hobgoblins
  4 bats
  6 giant newts
  6 kobolds
  3 rats (D:2)
36 creatures vanquished.

Notes
Turn   | Place    | Note
--------------------------------------------------------------
     0 | D:1      | go0n the Troll Berserker began the quest for the Orb.
     0 | D:1      | Reached XP level 1. HP: 22/22 MP: 0/0
   175 | D:1      | Reached XP level 2. HP: 29/29 MP: 1/1
   726 | D:2      | Reached ** piety under Trog
   831 | D:2      | Found a shattered altar of Ashenzari.
   875 | D:2      | Reached XP level 3. HP: 29/36 MP: 2/2
  1044 | D:2      | Found a faded altar to an unknown god.
  1659 | D:3      | Noticed Sigmund
  1685 | D:3      | Killed from afar by Sigmund

Skill      XL: |  1  2  3 |
---------------+----------+-----
Maces & Flails | 3 |  3.3
Fighting       | 3 |  3.1
Dodging        | |  2.9
Stealth        | |  0.1

Action                   || total
-------------------------++-------
Melee: Mace              ||   157
Invok: Berserk           ||     1
       Trog's Hand       ||     1
  Use: Scroll            ||     6
       Potion            ||     2
  Eat: Chunk             ||     8
       Bread ration      ||     2
Armor: Animal skin       ||    59
Dodge: Dodged            ||   110
